 Dungeon Crawl Stone Soup version 0.30.1-11-g7821555f0a (webtiles) character file.

Game seed: 3239506651142725019

2732 Janerl the Chucker (level 9, -1/79 HPs)
             Began as a Minotaur Berserker on Dec 1, 2023.
             Was an Elder of Trog.
             Killed from afar by an orc wizard (8 damage)
             ... with a magic dart
             ... on level 7 of the Dungeon.
             The game lasted 00:29:52 (7152 turns).

Janerl the Chucker (Minotaur Berserker)             Turns: 7152, Time: 00:29:52

Health: -1/79      AC:  3    Str: 22    XL:     9   Next: 40%
Magic:  8/8        EV: 12    Int: 16    God:    Trog [****..]
Gold:   477        SH: 10    Dex: 16    Spells: 8/8 levels left

rFire   . . .        c - +2 dagger (elec)
rCold   . . .        H - +1 kite shield {rN+}
rNeg    + . .        J - +0 leather armour
rPois   .            (helmet restricted)
rElec   .            (no cloak)
rCorr   .            (no gloves)
SInv    .            (no boots)
Will    .....        (no amulet)
Stlth   ++           i - +6 ring of dexterity
HPRegen 0.33/turn    o - +6 ring of intelligence
MPRegen 0.11/turn

%: no passive effects
@: on berserk cooldown, slowed, very slow
A: horns 2, retaliatory headbutt, clever 1, deterioration 1
a: Renounce Religion, Berserk, Trog's Hand, Brothers in Arms


You were on level 7 of the Dungeon.
You worshipped Trog.
Trog was greatly pleased with you.
You visited 1 branch of the dungeon, and saw 7 of its levels.

You collected 546 gold pieces.
You spent 69 gold pieces at shops.

Inventory:

Hand Weapons
 c - a +2 dagger of electrocution (weapon)
 g - a +2 dagger of electrocution
 t - a +0 flail of holy wrath
 D - a +2 flail of protection
Missiles
 a - 2 throwing nets
 e - 6 boomerangs (quivered)
Armour
 H - a +1 kite shield of positive energy (worn)
 J - a +0 leather armour (worn)
Jewellery
 i - a +6 ring of dexterity (left hand)
 o - a +6 ring of intelligence (right hand)
 C - a ring of protection from cold
Wands
 v - a wand of charming (7)
 K - a wand of flame (18)
Scrolls
 b - a scroll of vulnerability {unknown}
 d - 3 scrolls of identify
 h - a scroll of noise {unknown}
 j - 4 scrolls of teleportation {unknown}
 k - a scroll of brand weapon {unknown}
 m - 2 scrolls of amnesia {unknown}
 n - 2 scrolls of blinking {unknown}
 q - 4 scrolls of magic mapping
 u - 2 scrolls of fear {unknown}
 x - a scroll of summoning {unknown}
 y - a scroll of fog {unknown}
 E - a scroll of silence {unknown}
 G - a scroll of enchant armour {unknown}
 I - a scroll of enchant weapon {unknown}
Potions
 l - 2 potions of curing
 p - a potion of brilliance {unknown}
 r - a potion of invisibility
 w - 2 potions of lignification {unknown}
 z - 2 potions of haste {unknown}
 A - a potion of resistance {unknown}
 F - 3 potions of might


   Skills:
 + Level 7.1 Fighting
 + Level 6.1(6.7) Short Blades
 + Level 4.3(6.1) Long Blades
 + Level 7.3 Throwing
 + Level 3.5 Armour
 + Level 4.9 Dodging
 + Level 4.0 Stealth
 + Level 2.4 Shields


You had 8 spell levels left.
You didn't know any spells.
Your spell library was empty.

Dungeon Overview and Level Annotations

Branches:
Dungeon (7/15)             Temple (0/1) D:4

Altars:
Cheibriados
Hepliaklqana
Sif Muna
Vehumet
Wu Jian

Shops:
D:1 (   D:3 =   D:4 *


Innate Abilities, Weirdness & Mutations

You have a pair of horns on your head.
You reflexively headbutt those who attack you in melee.
Your mind is acute. (Int +4, Str/Dex -1)
Your body sometimes deteriorates upon taking damage.


Message History

You hit the orc but do no damage.
The orc is almost dead.
The orc misses you. Something hits you. x2
You hit the orc but do no damage. You headbutt the orc, but do no damage.
The orc is almost dead.
The orc completely misses you. You furiously retaliate!
You headbutt the orc.
You kill the orc!
Trog accepts your kill.
Something hits you but does no damage. x2; You block the orc's attack.
Something hits you. x2
You barely miss the orc. You headbutt the orc!
You kill the orc!
Trog accepts your kill. Something barely misses you.
Something hits you but does no damage. Something hits you. x2
Things that are here:
a +3 hand axe; a +0 ring mail; an orc corpse
Things that are here:
a +0 hand axe; 12 gold pieces You hit something but do no damage.
You hear some strange, mumbled words.
A puff of flame appears from out of thin air!
The puff of flame hits you!
* * * LOW HITPOINT WARNING * * *
You hit something. Something completely misses you.
You hear some strange, mumbled words.
A puff of flame appears from out of thin air!
The puff of flame hits you!
* * * LOW HITPOINT WARNING * * *
You hit something but do no damage. You headbutt something.
Trog accepts your kill.
Trog appreciates your killing of a magic user.
Reactivating autopickup.
You feel a bit more experienced. You block something's attack.
Deactivating autopickup; reactivate with Ctrl-A.
Something hits you but does no damage.
You hear some strange, mumbled words.
A magic dart appears from out of thin air!
The magic dart hits you!
You die...

#..## ##....# ##.[
##..# #....#### #...#
#..###....###. ....#
##..#......... ....#
##..........## #...
##..####...###
#...####..## ##...##
.......## #...##).##
##...## ........#
#.)@))## ##...#
........# ##.{)##
##... ........# ##.##
##.. ........#
####..# ##.
........####....## ##
........#>).....##..
#
.....(..)))..........
..............#.....#
..........#####..####


There were no monsters in sight!

Vanquished Creatures
  Grinder (D:4)
  Sigmund (D:3)
  Menkaure (D:7)
  A water moccasin (D:5)
  2 orc warriors (D:6)
  2 black bears
  A sky beast (D:7)
  An ogre (D:6)
  A kobold brigand (D:7)
  Blork the orc (D:4)
  3 bullfrogs
  3 scorpions (D:5)
  A gnoll sergeant (D:5)
  2 howler monkeys (D:7)
  4 hounds
  3 orc priests
  A gnoll bouda (D:5)
  A jelly (D:6)
  2 sleepcaps
  4 iguanas
  Terence (D:3)
  6 orc wizards
  13 adders
  6 gnolls
  2 shadow imps (D:6)
  3 white imps (D:6)
  4 ufetubi
  A worm (D:3)
  6 dart slugs
  22 orcs
  11 ball pythons
  A bat (D:2)
  8 endoplasms
  A giant cockroach (D:3)
  7 goblins
  14 hobgoblins
  17 kobolds
  7 quokkas
  6 frilled lizards
  8 rats
180 creatures vanquished.

Notes
Turn   | Place    | Note
-------+----------+-------------------------------------------
     0 | D:1      | Janerl the Minotaur Berserker began the quest for the Orb.
     0 | D:1      | Reached XP level 1. HP: 19/19 MP: 0/0
    81 | D:1      | Reached XP level 2. HP: 26/27 MP: 1/1
   331 | D:1      | Found a faded altar of an unknown god.
   615 | D:1      | Found Vaomin's Antique Weapon Shop.
   656 | D:1      | Reached ** piety under Trog
   765 | D:2      | Reached XP level 3. HP: 25/34 MP: 2/2
  1174 | D:2      | Reached skill level 1 in Short Blades
  1303 | D:2      | Reached XP level 4. HP: 41/41 MP: 3/3
  1467 | D:2      | Reached skill level 1 in Throwing
  1632 | D:2      | Reached XP level 5. HP: 47/47 MP: 4/4
  2210 | D:3      | Noticed Sigmund
  2221 | D:3      | Killed Sigmund
  2221 | D:3      | Reached *** piety under Trog
  2222 | D:3      | Reached skill level 1 in Stealth
  2222 | D:3      | Reached XP level 6. HP: 47/55 MP: 5/5
  2300 | D:3      | Found Koul's Jewellery Shop.
  2343 | D:3      | Found a snail-covered altar of Cheibriados.
  2374 | D:3      | Found an ornate altar of the Wu Jian Council.
  2462 | D:3      | Noticed Terence
  2466 | D:3      | Killed Terence
  3160 | D:4      | Noticed Blork the orc
  3168 | D:4      | Killed Blork the orc
  3169 | D:4      | Reached skill level 5 in Throwing
  3169 | D:4      | Reached XP level 7. HP: 45/60 MP: 6/6
  3263 | D:4      | Noticed Grinder
  3283 | D:4      | Killed Grinder
  3284 | D:4      | Reached skill level 5 in Fighting
  3509 | D:4      | Found a staircase to the Ecumenical Temple.
  3545 | D:4      | Found Luoteol's Assorted Antiques.
  3553 | D:4      | Bought a potion of curing for 69 gold pieces
  3802 | D:4      | Found a shimmering blue altar of Sif Muna.
  4050 | D:5      | Entered Level 5 of the Dungeon
  4087 | D:5      | Reached XP level 8. HP: 65/69 MP: 7/7
  4088 | D:5      | Reached **** piety under Trog
  4277 | D:4      | Gained mutation: You are frail. (-10% HP) [potion of
                  | mutation]
  4277 | D:4      | Gained mutation: Your body sometimes deteriorates upon
                  | taking damage. [potion of mutation]
  4277 | D:4      | Gained mutation: You have a somewhat thin skeletal
                  | structure. (Dex +2, Stealth+) [potion of mutation]
  4278 | D:4      | Lost mutation: You have a somewhat thin skeletal structure.
                  | (Dex +2, Stealth+) [potion of mutation]
  4278 | D:4      | Lost mutation: You are frail. (-10% HP) [potion of
                  | mutation]
  4278 | D:4      | Lost mutation: Your body sometimes deteriorates upon taking
                  | damage. [potion of mutation]
  4278 | D:4      | Gained mutation: Your muscles are strong. (Str +4, Int/Dex
                  | -1) [potion of mutation]
  4278 | D:4      | Gained mutation: Your body sometimes deteriorates upon
                  | taking damage. [potion of mutation]
  5022 | D:6      | Lost mutation: Your muscles are strong. (Str +4, Int/Dex
                  | -1) [potion of mutation]
  5022 | D:6      | Lost mutation: Your body sometimes deteriorates upon taking
                  | damage. [potion of mutation]
  5022 | D:6      | Gained mutation: Your mind is acute. (Int +4, Str/Dex -1)
                  | [potion of mutation]
  5022 | D:6      | Gained mutation: Your body sometimes deteriorates upon
                  | taking damage. [potion of mutation]
  5371 | D:6      | Reached skill level 5 in Short Blades
  5881 | D:6      | Found a radiant altar of Vehumet.
  6192 | D:6      | Reached XP level 9. HP: 61/78 MP: 8/8
  6245 | D:6      | Found a hazy altar of Hepliaklqana.
  6540 | D:7      | Noticed Menkaure
  6551 | D:7      | Killed Menkaure
  6552 | D:7      | Reached skill level 1 in Shields
  7152 | D:7      | Killed from afar by an orc wizard

Illustrated notes

Levels and vault maps discovered:
D:1:      scummos_arrival_simple_crosswalls, layout_loops_ring,
          chequers_ecumenical_altar_simple_redux, serial_shops, shop_fountains,
          serial_park_tiny_pond
D:2:      layout_basic, st_stairs_9, reono_crystal_passage, minmay_hedge_maze,
          minmay_snake_closets
D:3:      layout_basic, mainiacjoe_overflow_two_lobes, serial_shops,
          nicolae_shop_gaudy_bauble, kennysheep_orc_chapel, uniq_terence,
          uniq_sigmund
D:4:      layout_loops_ring, led_sif_pool, temple_statues, serial_shops, shop,
          minmay_joined_circles, uniq_blork_the_orc, uniq_grinder
D:5:      layout_basic, nicolae_grassy_gnolls
D:6:      layout_basic, vehumet_altar_wand_db, lemuel_coloured_pillars_altar,
          eino_curves_04, sigmund_army
D:7:      layout_cave_pods, grunt_temple_overflow_diamond, uniq_menkaure

Skill      XL: |  1  2  3  4  5  6  7  8  9 |
---------------+----------------------------+-----
Long Blades    | 4 |  4.3
Fighting       | 4 5 6 7 |  7.1
Short Blades   | 1 2 3 5 6 |  6.1
Throwing       | 2 4 5 6 7 |  7.3
Stealth        | 1 2 3 4 |  4.0
Dodging        | 3 4 |  4.9
Shields        | 2 |  2.4
Armour         | 3 |  3.5

Action                     |  1- 3 |  4- 6 |  7- 9 || total
---------------------------+-------+-------+-------++-------
  Melee: Dagger            |    77 |    44 |   269 ||   390
         Falchion          |     6 |       |       ||     6
         Headbutt          |     6 |    10 |    47 ||    63
         Punch             |     1 |       |     2 ||     3
  Throw: Boomerang         |    43 |    58 |    34 ||   135
 Invoke: Berserk           |       |       |     5 ||     5
  Evoke: Wand              |       |       |     2 ||     2
    Use: Potion            |       |     2 |     8 ||    10
         Scroll            |       |       |     3 ||     3
   Stab: Sleeping          |       |     2 |     4 ||     6
         Distracted        |       |     1 |       ||     1
 Armour: Animal skin       |    14 |     3 |    11 ||    28
         Leather armour    |       |       |    15 ||    15
  Dodge: Dodged            |    49 |    24 |   117 ||   190
  Block: Kite shield       |       |       |    54 ||    54
